 Dungeon Crawl Stone Soup version 0.31-a0-746-ge8284cb111 (webtiles) character file.

Game seed: 10632966424644999555

4 CrazyBamboolord the Changeling (level 1, 0/15 HPs)
             Began as a Demonspawn Shapeshifter on Sept 14, 2023.
             Slain by a goblin
             ... wielding a +0 dagger
              (3 damage)
             ... on level 1 of the Dungeon.
             The game lasted 00:00:10 (176 turns).

CrazyBamboolord the Changeling (DsSh)                Turns: 176, Time: 00:00:10

Health: 0/15       AC:  2    Str: 14    XL:     1   Next: 58%
Magic:  1/1        EV: 12    Int: 11    God:
Gold:   8          SH:  0    Dex: 12    Spells: 0/0 levels left

rFire   . .          .
                       - Unarmed
rCold   . . .        (no shield)
rNeg    . . .        a - +0 animal skin
rPois   .            (helmet currently unavailable)
rElec   .            (cloak currently unavailable)
rCorr   .            (gloves currently unavailable)
SInv    .            (boots currently unavailable)
Will    .....        (no amulet)
Stlth   +            (no ring)
HPRegen 0.22/turn    (no ring)
MPRegen 0.07/turn

%: no passive effects
@: beast-form
A: beast (slay +1)
a: Begin Untransformation


You were on level 1 of the Dungeon.
You were a hulking beast.
You visited 1 branch of the dungeon, and saw 1 of its levels.

You collected 8 gold pieces.

Inventory:

Armour
 a - a +0 animal skin (worn)
Talismans
 c - a beast talisman (active)
 d - a flux talisman
Scrolls
 e - a scroll of teleportation {unknown}
Potions
 b - a potion of lignification
 f - a potion of might {unknown}


   Skills:
 - Level 1.0 Fighting
 - Level 1.7 Dodging
 - Level 2.6 Unarmed Combat
 + Level 3.0 Shapeshifting


You couldn't memorise any spells.
You didn't know any spells.
Your spell library was empty.

Dungeon Overview and Level Annotations

Branches:
Dungeon (1/15)

Altars:


Message History

No target in view!
Key pressed, stopping explore.
No target in view!
An endoplasm comes into view.
An endoplasm is nearby!
A dart slug comes into view.
There are monsters nearby!
A goblin comes into view. It is wielding a +0 dagger.
The goblin shouts!
There are monsters nearby!
You hit the dart slug but do no damage. The dart slug launches a dart at you.
The slug dart hits you. The endoplasm closely misses you.
There are monsters nearby!
You hit the dart slug.
The dart slug is moderately wounded.
The endoplasm freezes you.
You are frozen.
The dart slug bites you but does no damage.
There are monsters nearby!
You are too injured to fight recklessly!
There are monsters nearby!
You are too injured to fight recklessly!
There are monsters nearby!
You are too injured to fight recklessly!
The endoplasm closely misses you. The dart slug launches a dart at you.
The slug dart hits you.
* * * LOW HITPOINT WARNING * * *
You hit the endoplasm.
The endoplasm is heavily wounded.
The endoplasm barely misses you.
You hit the endoplasm.
You kill the endoplasm!
The dart slug launches a dart at you. The slug dart hits you.
* * * LOW HITPOINT WARNING * * *
Your Shapeshifting skill increases to level 3!
The goblin hits you with a +0 dagger.
You die...

###.# #.#### #...#
#.. #.### ####
#.###############
................#
###############.##
# #..# # ##.# #
######h##### #
#....wg....# #
#............. #
#............. #..
#.............
....
#.............
....
#...........#.
.... #............
.... #............


You could see a dart slug and a goblin.

Vanquished Creatures
  2 endoplasms (D:1)
  A goblin (D:1)
  A kobold (D:1)
4 creatures vanquished.

Notes
Turn   | Place    | Note
-------+----------+-------------------------------------------
     0 | D:1      | CrazyBamboolord the Demonspawn Shapeshifter began the quest
                  | for the Orb.
     0 | D:1      | Reached XP level 1. HP: 15/15 MP: 1/1
   176 | D:1      | Reached skill level 3 in Shapeshifting
   176 | D:1      | Slain by a goblin

Illustrated notes

Levels and vault maps discovered:
D:1:      lemuel_arrival_broad_hall, layout_basic, serial_shops,
          nicolae_lakefront_shop, minmay_splitting_lines

Skill      XL: |  1 |
---------------+----+-----
Shapeshifting  | 3 |  3.0
Fighting       | |  1.0
Dodging        | |  1.7
Unarmed Combat | |  2.6

Action                     || total
---------------------------++-------
  Melee: Unarmed           ||     9
 Armour: Animal skin       ||     7
  Dodge: Dodged            ||     4

Table legend: (Time is in decaauts)
 A = Elapsed time spent in this place.
 B = Non-inter-level travel time spent in this place.
 C = Inter-level travel time spent in this place.
 D = Time resting spent in this place.
 E = Time spent auto-exploring this place.
 F = Levels seen in this place.
 G = Mean time per level.
                   A        B        C        D        E       F      G
               +--------+--------+--------+--------+--------+-----+--------+
         Total |    175 |    175 |      0 |      0 |    151 |   1 |  175.0 |
       Dungeon |    175 |    175 |      0 |      0 |    151 |   1 |  175.0 |
               +--------+--------+--------+--------+--------+-----+--------+

Top non-repeatable levels by time:
     D:1: 175 daAuts
